 Dungeon Crawl Stone Soup version 0.21-a0-364-gbd1fde4 (webtiles) character file.

25 MrEggplant the Chiller (level 2, 0/19 HPs)
             Began as a Demonspawn Ice Elementalist on Oct 14, 2017.
             Slain by a hobgoblin (4 damage)
             ... on level 2 of the Dungeon.
             The game lasted 00:09:32 (555 turns).

MrEggplant the Chiller (Demonspawn Ice Elementalist) Turns: 555, Time: 00:09:34

Health: 0/19       AC:  5    Str:  8    XL:     2   Next: 82%
Magic:  5/5        EV: 12    Int: 16    God:
Gold:   39         SH:  0    Dex: 13    Spells: 4/5 levels left

rFire    . . .     SeeInvis .   m - +0 club
rCold    . . .     Gourm    .   (no shield)
rNeg     . . .     Faith    .   n - +0 leather armour (curse)
rPois    .         Spirit   .   (no helmet)
rElec    .         Reflect  .   (no cloak)
rCorr    .         Harm     .   f - +1 pair of gloves
MR       .....                  (no boots)
Stlth    ++........             (no amulet)
HPRegen  0.06/turn              (no ring)
MPRegen  0.09/turn              (no ring)

@: lethally poisoned (0 -> -10)
A: demonic guardian 1
a: no special abilities


You were on level 2 of the Dungeon.
You were not hungry.

You visited 1 branch of the dungeon, and saw 2 of its levels.

You collected 39 gold pieces.

Inventory:

Hand Weapons
 m - a +0 club (weapon)
Missiles
 e - 11 arrows
 g - 27 bolts
 i - 34 stones (quivered)
Armour
 a - a +0 robe
 d - a +0 leather armour of poison resistance
 f - a +1 pair of gloves (worn)
 j - a +0 pair of gloves
 n - a cursed +0 leather armour (worn)
Scrolls
 l - a scroll of magic mapping
Books
 b - a book of Frost

   Spells                             Type                      Level
   a - Freeze                         Ice                          1
   b - Throw Frost                    Conjuration/Ice              2
   c - Ozocubu's Armour               Charms/Ice                   3
   d - Throw Icicle                   Conjuration/Ice              4
   e - Summon Ice Beast               Ice/Summoning                4
Comestibles
 c - a bread ration
 k - a chunk of flesh


   Skills:
 + Level 0.1 Fighting
 + Level 0.2 Armour
 + Level 2.0 Dodging
 + Level 1.8 Stealth
 + Level 2.2 Spellcasting
   Level 1.0 Conjurations
 + Level 3.3 Ice Magic


You had 4 spell levels left.
You knew the following spells:

 Your Spells              Type           Power        Failure   Level  Hunger
a - Freeze                Ice            ##..         7%          1    #......


Dungeon Overview and Level Annotations

Branches:
Dungeon (2/15)

Altars:


Innate Abilities, Weirdness & Mutations

A weak demonic guardian rushes to your aid.


Message History

You barely miss the adder. The adder misses you. The adder bites you.
You closely miss the adder. The adder bites you.
You are poisoned.
The adder poisons you! The hobgoblin hits you.
The adder bites you but does no damage.
You miss the adder.
You feel sick. The adder bites you. The hobgoblin hits you.
You hit the adder.
The adder is moderately wounded.
You feel sick. The adder bites you.
* * * LOW HITPOINT WARNING * * *
You are lethally poisoned!
The adder poisons you! The hobgoblin barely misses you.
The adder bites you but does no damage.
You hit the adder.
The adder is moderately wounded.
* * * LOW HITPOINT WARNING * * *
You feel sick. The adder bites you but does no damage.
The hobgoblin barely misses you. The adder bites you but does no damage.
The hobgoblin hits you.
You die...

#.......#
#####...+.......#
#.......#.......####..
#.......####........b#
#.......# #.....#####
#.......# #.....#
#.......# #.....#
#.....S.# #.....#
#....g@.# #.....#
######.## ####'## #.#
#.# #.# #.# #.# #.#
######.# #.# #...##.#
#.# #.#.##.########.#
#.#.............#


You could see an adder and a hobgoblin.

Vanquished Creatures
  An adder (D:2)
  A dart slug (D:1)
  A leopard gecko (D:1)
  A giant cockroach (D:2)
  2 goblins
  A hobgoblin (D:1)
  A ball python (D:2)
  A bat (D:1)
  3 frilled lizards
  A kobold (D:2)
  A rat (D:1)
14 creatures vanquished.

Notes
Turn   | Place    | Note
-------+----------+-------------------------------------------
     0 | D:1      | MrEggplant the Demonspawn Ice Elementalist began the quest for the Orb.
     0 | D:1      | Reached XP level 1. HP: 13/13 MP: 3/3
   144 | D:1      | Reached skill level 3 in Ice Magic
   279 | D:1      | Gained mutation: A weak demonic guardian rushes to your aid. [demonic ancestry]
   279 | D:1      | Reached XP level 2. HP: 14/19 MP: 3/5
   555 | D:2      | Slain by a hobgoblin

Vault maps used:
D:1:      saegor_arrival_simple_a
D:2:      lemuel_round_altar, palyth_stone_intersect, uniq_robin

Skill      XL: |  1  2 |
---------------+-------+-----
Ice Magic      | 3 |  3.3
Dodging        | 2 |  2.0
Fighting       | |  0.1
Armour         | |  0.2
Stealth        | |  1.8
Spellcasting   | |  2.2
Conjurations   | |  1.0

Action                   || total
-------------------------++-------
Melee: Unarmed           ||     6
       Club              ||    19
 Cast: Freeze            ||    21
  Use: Scroll            ||     6
       Potion            ||     1
Armor: Leather armour    ||    23
Dodge: Dodged            ||    39

Table legend:
 A = Spawn XP
 B = Non-spawn XP
 C = Spawn XP percentage of total XP
 D = Spawn monster count
 E = Non-spawn monster count
 F = Spawn count percentage of total count
 G = Total turns spent on level
                    A         B        C        D         E        F      G
               +---------+---------+-------+---------+---------+-------+---------
         Total |       0 |      36 |   0.0 |       0 |      14 |   0.0 |   555
               +---------+---------+-------+---------+---------+-------+---------
           D:1 |       0 |      14 |   0.0 |       0 |       7 |   0.0 |   337
           D:2 |       0 |      22 |   0.0 |       0 |       7 |   0.0 |   218
               +---------+---------+-------+---------+---------+-------+---------
